 Dungeon Crawl Stone Soup version 0.23-a0-650-ga4d50d4 (console) character file.

294 Duffy the Conjurer (level 6, -2/41 HPs)
             Began as a Demonspawn Fire Elementalist on Jan 6, 2019.
             Killed from afar by Sigmund (6 damage)
             ... with a magic dart
             ... on level 4 of the Dungeon.
             The game lasted 00:06:25 (4403 turns).

Duffy the Conjurer (Demonspawn Fire Elementalist)   Turns: 4403, Time: 00:06:25

Health: -2/41      AC:  5    Str:  8    XL:     6   Next: 11%
Magic:  1/11       EV: 12    Int: 18    God:
Gold:   178        SH:  0    Dex: 14    Spells: 3/11 levels left

rFire    . . .     SeeInvis .   d - +0 dagger
rCold    . . .     Gourm    .   (no shield)
rNeg     . . .     Faith    .   a - +0 robe
rPois    .         Spirit   .   (no helmet)
rElec    .         Reflect  .   (no cloak)
rCorr    +         Harm     .   (no gloves)
MR       .....                  i - +0 pair of boots
Stlth    +++.......             m - amulet of rage
HPRegen  0.13/turn              r - ring of resist corrosion
MPRegen  0.12/turn              (no ring)

@: very slightly contaminated
A: hooves 2, yellow scales 1, nightstalker 1
a: Evoke Berserk Rage


You were on level 4 of the Dungeon.
You were not hungry.

You visited 1 branch of the dungeon, and saw 4 of its levels.

You collected 178 gold pieces.

Inventory:

Hand Weapons
 d - a +0 dagger (weapon)
Missiles
 g - 5 javelins (quivered)
Armour
 a - a +0 robe (worn)
 i - a +0 pair of boots (worn)
Jewellery
 m - an amulet of rage (around neck)
 r - a ring of resist corrosion (left hand)
Wands
 o - a wand of digging (8)
Scrolls
 b - 2 scrolls of immolation
 j - 3 scrolls of teleportation
 l - a scroll of enchant weapon {unknown}
 n - 2 scrolls of remove curse {unknown}
 p - a scroll of fear {unknown}
 q - 2 scrolls of blinking {unknown}
Potions
 h - a potion of flight
 k - a potion of magic
 s - a potion of haste {unknown}
Comestibles
 c - 9 rations
 f - 4 chunks of flesh


   Skills:
 - Level 1.7 Dodging
 - Level 1.7 Stealth
 + Level 3.4 Spellcasting
 + Level 4.2 Conjurations
 + Level 4.0 Fire Magic


You had 3 spell levels left.
You knew the following spells:

 Your Spells              Type           Power        Failure   Level  Hunger
h - Flame Tongue          Conj/Fire      ###..        3%          1    None
j - Sticky Flame          Conj/Fire      ###.....     28%         4    ####...
l - Conjure Flame         Conj/Fire      ###.....     9%          3    ###....

Your spell library contained the following spells:

 Spells                   Type           Power        Failure   Level  Hunger
 Throw Flame              Conj/Fire      ###...       4%          2    ##.....
 Inner Flame              Hex/Fire       ##......     21%         3    ###....
 Fireball                 Conj/Fire      ###.......   63%         5    ######.


Dungeon Overview and Level Annotations

Branches:
Dungeon (4/15)
 Temple: D:4-7

Altars:
Trog
The Shining One

Annotations:
D:4 Sigmund


Innate Abilities, Weirdness & Mutations

You have hoof-like feet.
You are partially covered in yellow scales. (AC +2)
You are slightly more attuned to the shadows.


Message History

Sigmund casts a spell at you. You resist with some effort.
You bump into the rock wall.
Sigmund hits you from afar with a +0 scythe.
An adder skeleton comes into view.
You feel better.
Sigmund points at you and mumbles some strange words.
You are confused.
Sigmund closely misses you.
Okay, then.
You hit Sigmund but do no damage.
Sigmund is severely wounded.
You bump into the rock wall.
Sigmund hits you with a +0 scythe! Sigmund casts a spell at you.
The magic dart hits you!
You feel less confused. The adder skeleton bites you.
Sigmund gestures at you while chanting. The magic dart hits you!
You die...

##..........#
###..########## #...##
##.### # #..# # .####
###.### ####. ...#
##.....#
.....###.######..#..##
..........Z.(...#@Z##
.............<###.@.###.#
..........Z.#.#####0....#
.0........#.@)...00##...#
00.00.....##..####00......
..0P0....####...0Z....#...
00008...## #(0.000....#..
#08008..#####.~0~~.###.# .
....0....##..~~~~~.# .#


You could see Sigmund and an adder skeleton.

Vanquished Creatures
  A hound (D:3)
  A centaur skeleton (D:4)
  3 worker ants
  A hound zombie (D:4)
  4 gnolls
  An adder (D:3)
  2 oozes
  3 worms
  A dart slug (D:1)
  2 leopard geckos (D:2)
  An orc (D:3)
  6 bats
  4 giant cockroaches
  5 goblins
  14 hobgoblins
  11 jackals
  A quokka (D:2)
  A ball python (D:2)
  7 frilled lizards
  8 kobolds
  8 rats
85 creatures vanquished.

Vanquished Creatures (others)
  A wizard (D:3)
1 creature vanquished.

Grand Total: 86 creatures vanquished

Notes
Turn   | Place    | Note
-------+----------+-------------------------------------------
     0 | D:1      | Duffy the Demonspawn Fire Elementalist began the quest for
                  | the Orb.
     0 | D:1      | Reached XP level 1. HP: 13/13 MP: 3/3
   265 | D:1      | Gained mutation: You are slightly more attuned to the
                  | shadows. [demonic ancestry]
   265 | D:1      | Reached XP level 2. HP: 19/19 MP: 0/5
   967 | D:1      | Gained mutation: You have large cloven feet. [demonic
                  | ancestry]
   967 | D:1      | Reached XP level 3. HP: 24/24 MP: 3/6
   972 | D:1      | Learned a level 3 spell: Conjure Flame
  1529 | D:2      | Found a glowing golden altar of the Shining One.
  2394 | D:3      | Reached XP level 4. HP: 30/30 MP: 4/7
  2990 | D:3      | Found a bloodstained altar of Trog.
  2992 | D:3      | Noticed a wizard
  2997 | D:3      | Killed a wizard
  3563 | D:4      | Gained mutation: You are partially covered in yellow
                  | scales. (AC +2) [demonic ancestry]
  3563 | D:4      | Reached XP level 5. HP: 27/35 MP: 6/9
  4269 | D:4      | Gained mutation: You have hoof-like feet. [demonic
                  | ancestry]
  4269 | D:4      | Reached XP level 6. HP: 39/41 MP: 7/11
  4280 | D:3      | Learned a level 4 spell: Sticky Flame
  4357 | D:4      | Noticed Sigmund
  4403 | D:4      | Killed from afar by Sigmund

Vault maps used:
D:1:      minmay_arrival_semitransparent, minmay_misc_feat_ornament,
          supply_closet_lemuel
D:2:      tso_metal_star
D:3:      trog_wizard
D:4:      temple_fountains, serial_undead, serial_undead_e, serial_undead_b,
          serial_undead_e, serial_undead_f, serial_undead_d, serial_undead_e,
          uniq_sigmund

Skill      XL: |  1  2  3  4  5  6 |
---------------+-------------------+-----
Conjurations   | 2 3 4 |  4.2
Fire Magic     | 3 4 |  4.0
Spellcasting   | 3 |  3.4
Dodging        | |  1.7
Stealth        | |  1.7

Action                   |  1- 3 |  4- 6 || total
-------------------------+-------+-------++-------
Melee: Dagger            |     5 |     7 ||    12
 Cast: Flame Tongue      |    86 |    98 ||   184
       Conjure Flame     |       |     1 ||     1
       Sticky Flame      |       |     1 ||     1
  Use: Scroll            |     5 |       ||     5
       Potion            |       |     1 ||     1
 Stab: Sleeping          |       |     2 ||     2
  Eat: Chunk             |     5 |     7 ||    12
Armor: Robe              |     6 |    11 ||    17
Dodge: Dodged            |    21 |    48 ||    69

Table legend:
 A = Non-vault XP
 B = Vault XP
 C = Vault XP percentage of total XP
 D = Non-vault monster count
 E = Vault monster count
 F = Vault count percentage of total count
                 A         B        C        D         E       F
            +---------+---------+-------+---------+---------+-------
      Total |     362 |      59 |  14.0 |      83 |       2 |   2.4
            +---------+---------+-------+---------+---------+-------
        D:1 |      49 |       0 |   0.0 |      26 |       0 |   0.0
        D:2 |      46 |       0 |   0.0 |      22 |       0 |   0.0
        D:3 |     159 |       0 |   0.0 |      26 |       0 |   0.0
        D:4 |     108 |      59 |  35.3 |       9 |       2 |  18.2
            +---------+---------+-------+---------+---------+-------
